MLB
NEW YORK METS @ WASHINGTON NATIONALS
08/29/2045
 
TOP OF THE 1ST
New York Mets batting - Pitching for Washington Nationals : RHP Danny Diaz
Pitching: RHP Danny Diaz
Batting: LHB Kevin Bellman 0-0: Ball
1-0: Swinging Strike
1-1: Ball
2-1: SOLO HOME RUN (Flyball, 7D, EV 100.0 MPH), Distance : 375 ft
Batting: SHB Gus Berry 0-0: Foul Ball, location: 2F
0-1: Ball
1-1: Ball
2-1: SOLO HOME RUN (Flyball, 7D, EV 97.5 MPH), Distance : 376 ft
Batting: SHB Sean Cook 0-0: Ball
1-0: Called Strike
1-1: Ball
2-1: Ball
3-1: Swinging Strike
3-2: Ground out 4-3 (Groundball, 4M, EV 110.6 MPH)
Batting: SHB Jonathan Jenkins 0-0: Ball
1-0: Called Strike
1-1: Ball
2-1: Called Strike
2-2: Foul Ball, location: 2F
2-2: Ball
3-2: Base on Balls
Batting: RHB Jesus Chavez 0-0: Fly out, F8 (Flyball, 78XD, EV 98.8 MPH)
Batting: SHB Roberto Magne 0-0: Called Strike
0-1: Ball
1-1: Ball
2-1: Fly out, F8 (Line Drive, 8RD, EV 88.8 MPH)
Top of the 1st over - 2 runs, 2 hits, 0 errors, 1 left on base; New York 2 - Washington 0
BOTTOM OF THE 1ST
Washington Nationals batting - Pitching for New York Mets : LHP Enkei Wakamatsu
Pitching: LHP Enkei Wakamatsu
Batting: RHB Luis Ramos 0-0: Ball
1-0: Foul Ball, location: 2F
1-1: Foul Ball, location: 2F
1-2: Strikes out looking
Batting: RHB John Sanders 0-0: Ball
1-0: Ball
2-0: Foul Ball, location: 2F
2-1: Ball
3-1: TRIPLE (Flyball, 78XD, EV 91.9 MPH)
Batting: RHB Luis Torres 0-0: Ball
1-0: Swinging Strike
1-1: Fly out, F3 (Popup, 3S, EV 68.8 MPH)
Batting: LHB Sidney Pedder 0-0: Swinging Strike
0-1: Called Strike
0-2: Strikes out swinging
Bottom of the 1st over - 0 runs, 1 hit, 0 errors, 1 left on base; New York 2 - Washington 0
TOP OF THE 2ND
New York Mets batting - Pitching for Washington Nationals : RHP Danny Diaz
Batting: LHB Sal Fernandez 0-0: Ball
1-0: Swinging Strike
1-1: Swinging Strike
1-2: Foul Ball, location: 2F
1-2: Ball
2-2: Fly out, F6 (Popup, 56, EV 75.0 MPH)
Batting: SHB Scott Scott 0-0: Ground out 4-3 (Groundball, 4, EV 105.6 MPH)
Batting: SHB Scott Bartholomew 0-0: Ball
1-0: Swinging Strike
1-1: Swinging Strike
1-2: Strikes out swinging
Top of the 2nd over - 0 runs, 0 hits, 0 errors, 0 left on base; New York 2 - Washington 0
BOTTOM OF THE 2ND
Washington Nationals batting - Pitching for New York Mets : LHP Enkei Wakamatsu
Batting: LHB Armando Carbajal 0-0: Ball
1-0: Foul Ball, location: 2F
1-1: Called Strike
1-2: Strikes out swinging
Batting: LHB Seth Cook 0-0: Swinging Strike
0-1: Foul Ball, location: 2F
0-2: Ball
1-2: Ball
2-2: Foul Ball, location: 2F
2-2: Strikes out swinging
Batting: LHB Dillon Gonzalez 0-0: Swinging Strike
0-1: Called Strike
0-2: Strikes out swinging
Bottom of the 2nd over - 0 runs, 0 hits, 0 errors, 0 left on base; New York 2 - Washington 0
TOP OF THE 3RD
New York Mets batting - Pitching for Washington Nationals : RHP Danny Diaz
Batting: LHB Kevin Bellman 0-0: Foul Ball, location: 2F
0-1: Foul Ball, location: 2F
0-2: Ground out 4-3 (Groundball, 34, EV 85.0 MPH)
Batting: SHB Gus Berry 0-0: Foul Ball, location: 2F
0-1: Foul Ball, location: 2F
0-2: Fly out, F6 (Popup, 6MD, EV 47.5 MPH)
Batting: SHB Sean Cook 0-0: Foul Ball, location: 2F
0-1: Ball
1-1: Foul Ball, location: 2F
1-2: Ball
2-2: Fly out, F8 (Flyball, 8LM, EV 91.9 MPH)
Top of the 3rd over - 0 runs, 0 hits, 0 errors, 0 left on base; New York 2 - Washington 0
BOTTOM OF THE 3RD
Washington Nationals batting - Pitching for New York Mets : LHP Enkei Wakamatsu
Batting: RHB Jared Speck 0-0: Called Strike
0-1: Swinging Strike
0-2: Ball
1-2: Strikes out swinging
Batting: RHB Masashi Yukizawa 0-0: DOUBLE (Groundball, 5L, EV 101.2 MPH)
Batting: RHB Luis Ramos 0-0: Ball
1-0: Ball
2-0: Foul Ball, location: 2F
2-1: Swinging Strike
2-2: SINGLE (Groundball, 56D, EV 103.1 MPH)
Masashi Yukizawa to third
Runner from 3rd tries for Home, SAFE, throw by LF to home
Batting: RHB John Sanders 0-0: Called Strike
0-1: SINGLE (Line Drive, 8RS, EV 93.8 MPH)
Luis Ramos to second
Runner from 2nd tries for 3rd, SAFE, throw by CF made to third
Batting: RHB Luis Torres 0-0: Ball
1-0: Fly out, F1 (Line Drive, P, EV 63.1 MPH)
Batting: LHB Sidney Pedder 0-0: Ball
1-0: Ball
2-0: Ball
3-0: Base on Balls
John Sanders to second
Batting: LHB Armando Carbajal 0-0: Foul Ball, location: 2F
0-1: Fly out, F7 (Flyball, 7LM, EV 83.8 MPH)
Bottom of the 3rd over - 1 run, 3 hits, 0 errors, 3 left on base; New York 2 - Washington 1
TOP OF THE 4TH
New York Mets batting - Pitching for Washington Nationals : RHP Danny Diaz
Batting: SHB Jonathan Jenkins 0-0: Ball
1-0: Foul Ball, location: 2F
1-1: Ball
2-1: Foul Ball, location: 2F
2-2: Strikes out swinging
Batting: RHB Jesus Chavez 0-0: Ball
1-0: Ball
2-0: Fly out, F9 (Flyball, 9D, EV 96.2 MPH)
Batting: SHB Roberto Magne 0-0: Ball
1-0: SINGLE (Groundball, 34D, EV 100.6 MPH)
Batting: LHB Sal Fernandez 0-0: Swinging Strike
0-1: Ball
1-1: Called Strike
1-2: Ball
2-2: Strikes out swinging
Top of the 4th over - 0 runs, 1 hit, 0 errors, 1 left on base; New York 2 - Washington 1
BOTTOM OF THE 4TH
Washington Nationals batting - Pitching for New York Mets : LHP Enkei Wakamatsu
Batting: LHB Seth Cook 0-0: Ball
1-0: Ball
2-0: Foul Ball, location: 2F
2-1: Swinging Strike
2-2: Ball
3-2: Fly out, F3 (Flyball, 34D, EV 90.0 MPH)
Batting: LHB Dillon Gonzalez 0-0: Called Strike
0-1: Swinging Strike
0-2: Strikes out swinging
Batting: RHB Jared Speck 0-0: Ball
1-0: Foul Ball, location: 2F
1-1: Foul Ball, location: 2F
1-2: Ball
2-2: Foul Ball, location: 2F
2-2: Foul Ball, location: 2F
2-2: Foul Ball, location: 2F
2-2: SINGLE (Groundball, 13, EV 85.6 MPH) (infield hit)
Batting: RHB Masashi Yukizawa 0-0: Swinging Strike
0-1: Ball
1-1: Ball
2-1: SINGLE (Groundball, 6M, EV 95.0 MPH)
Jared Speck to second
Runner from 2nd tries for 3rd, SAFE, throw by CF made to third
Masashi Yukizawa to second
Batting: RHB Luis Ramos 0-0: Foul Ball, location: 2F
0-1: DOUBLE (Groundball, 5L, EV 102.5 MPH)
Jared Speck scores
Masashi Yukizawa scores
Batting: RHB John Sanders 0-0: Ball
1-0: Fly out, F8 (Flyball, 8RD, EV 102.5 MPH)
Bottom of the 4th over - 2 runs, 3 hits, 0 errors, 1 left on base; New York 2 - Washington 3
TOP OF THE 5TH
New York Mets batting - Pitching for Washington Nationals : RHP Danny Diaz
Batting: SHB Scott Scott 0-0: SINGLE (Line Drive, 56D, EV 101.2 MPH)
Batting: SHB Scott Bartholomew 0-0: Foul Ball, location: 2F
0-1: Ball
1-1: Ball
2-1: Ball
3-1: Foul Ball, location: 2F
3-2: SINGLE (Line Drive, 34, EV 96.2 MPH)
Scott Scott to second
Runner from 2nd tries for 3rd, SAFE, throw by RF made to third
Batting: LHB Kevin Bellman 0-0: Ball
1-0: Fly out, F6 (Popup, 4M, EV 60.0 MPH)
Batting: SHB Gus Berry 0-0: Foul Ball, location: 2F
0-1: Called Strike
0-2: Ball
1-2: Strikes out swinging
Batting: SHB Sean Cook 0-0: Ball
1-0: Ball
2-0: Foul Ball, location: 2F
2-1: Foul Ball, location: 2F
2-2: Ball
3-2: Foul Ball, location: 2F
3-2: SINGLE (Groundball, 6D, EV 101.2 MPH)
Scott Scott scores
Scott Bartholomew to second
Scott Bartholomew to third
Batting: SHB Jonathan Jenkins 0-0: Ball
1-0: Ball
2-0: Called Strike
2-1: Foul Ball, location: 2F
2-2: Foul Ball, location: 2F
2-2: Foul Ball, location: 2F
2-2: Strikes out swinging
Top of the 5th over - 1 run, 3 hits, 0 errors, 2 left on base; New York 3 - Washington 3
BOTTOM OF THE 5TH
Washington Nationals batting - Pitching for New York Mets : LHP Enkei Wakamatsu
Batting: RHB Luis Torres 0-0: Foul Ball, location: 2F
0-1: Called Strike
0-2: Ground out 1-3 (Groundball, 34S, EV 60.6 MPH)
Batting: LHB Sidney Pedder 0-0: Ball
1-0: Swinging Strike
1-1: Swinging Strike
1-2: Ball
2-2: Fly out, F9 (Line Drive, 9S, EV 92.5 MPH)
Batting: LHB Armando Carbajal 0-0: Ball
1-0: Foul Ball, location: 2F
1-1: Called Strike
1-2: Foul Ball, location: 2F
1-2: Strikes out swinging
Bottom of the 5th over - 0 runs, 0 hits, 0 errors, 0 left on base; New York 3 - Washington 3
TOP OF THE 6TH
New York Mets batting - Pitching for Washington Nationals : RHP Danny Diaz
Batting: RHB Jesus Chavez 0-0: Ball
1-0: Ball
2-0: Foul Ball, location: 2F
2-1: SOLO HOME RUN (Line Drive, 78XD, EV 101.2 MPH), Distance : 390 ft
Batting: SHB Roberto Magne 0-0: Called Strike
0-1: Called Strike
0-2: Ball
1-2: Ground out 4-3 (Groundball, 4D, EV 91.9 MPH)
Pitching: LHP Rafael Silva
Batting: LHB Sal Fernandez 0-0: Ball
1-0: Ball
2-0: Called Strike
2-1: SINGLE (Groundball, 4M, EV 83.1 MPH) (infield hit)
Batting: SHB Scott Scott 0-0: Ball
Sal Fernandez steals 2nd base
1-0: Intentional Walk
Batting: SHB Scott Bartholomew 0-0: Ball
1-0: Called Strike
Sal Fernandez steals 3rd base
Scott Scott to second
1-1: Foul Ball, location: 2F
1-2: Ground out 5-3 (Groundball, 56S, EV 82.5 MPH)
Batting: LHB Kevin Bellman 0-0: Foul Ball, location: 2F
0-1: Foul Ball, location: 2F
0-2: Ball
1-2: Ball
2-2: Strikes out looking
Top of the 6th over - 1 run, 2 hits, 0 errors, 2 left on base; New York 4 - Washington 3
BOTTOM OF THE 6TH
Washington Nationals batting - Pitching for New York Mets : LHP Enkei Wakamatsu
Pinch Hitting: RHB Danny Gerardo 0-0: Called Strike
0-1: Ball
1-1: Swinging Strike
1-2: Ball
2-2: Ground out 6-3 (Groundball, 6, EV 83.1 MPH)
Batting: LHB Dillon Gonzalez 0-0: Called Strike
0-1: Ball
1-1: Foul Ball, location: 2F
1-2: Strikes out looking
Batting: RHB Jared Speck 0-0: Ball
1-0: Swinging Strike
1-1: Ball
2-1: Ball
3-1: Swinging Strike
3-2: Base on Balls
Batting: RHB Masashi Yukizawa 0-0: Ball
1-0: Ball
2-0: Foul Ball, location: 2F
2-1: Swinging Strike
2-2: Foul Ball, location: 2F
2-2: Strikes out swinging
Bottom of the 6th over - 0 runs, 0 hits, 0 errors, 1 left on base; New York 4 - Washington 3
TOP OF THE 7TH
New York Mets batting - Pitching for Washington Nationals : LHP Rafael Silva
Pitching: RHP Jakub Kvacek
Now at 1B: Junzo Kato
Batting: SHB Gus Berry 0-0: Swinging Strike
0-1: Ball
1-1: Fly out, F8 (Flyball, 8RM, EV 98.8 MPH)
Batting: SHB Sean Cook 0-0: Foul Ball, location: 2F
0-1: Foul Ball, location: 2F
0-2: Strikes out swinging
Batting: SHB Jonathan Jenkins 0-0: Ball
1-0: Ball
2-0: Fly out, F8 (Flyball, 8LS, EV 86.2 MPH)
Top of the 7th over - 0 runs, 0 hits, 0 errors, 0 left on base; New York 4 - Washington 3
BOTTOM OF THE 7TH
Washington Nationals batting - Pitching for New York Mets : LHP Enkei Wakamatsu
Pitching: RHP Jeff Jank
Batting: RHB Luis Ramos 0-0: Ball
1-0: Called Strike
1-1: Foul Ball, location: 2F
1-2: Strikes out swinging
Batting: RHB John Sanders 0-0: SINGLE (Line Drive, 89S, EV 87.5 MPH)
Batting: RHB Luis Torres 0-0: Ball
1-0: Ball
2-0: SINGLE (Line Drive, 6D, EV 103.1 MPH)
John Sanders to second
Batting: LHB Sidney Pedder 0-0: Ball
1-0: Called Strike
1-1: Swinging Strike
1-2: Fly out, F8 (Flyball, 8LXD, EV 103.8 MPH)
Runner from 2nd tags up, SAFE at 3rd, no throw by CF
Batting: LHB Armando Carbajal 0-0: Ball
1-0: Foul Ball, location: 2F
1-1: SINGLE (Line Drive, 9S, EV 101.2 MPH)
John Sanders scores
Luis Torres to second
Runner from 2nd tries for 3rd, SAFE, throw by RF made to third
Batting: SHB Junzo Kato 0-0: Foul Ball, location: 2F
0-1: Ball
1-1: Ball
2-1: Ball
3-1: SINGLE (Groundball, 4D, EV 95.0 MPH)
Luis Torres scores
Armando Carbajal to second
Runner from 2nd tries for 3rd, SAFE, no throw by CF
Batting: LHB Dillon Gonzalez 0-0: Called Strike
0-1: Ball
1-1: Ball
2-1: SINGLE (Line Drive, 8RS, EV 100.6 MPH)
Armando Carbajal scores
Junzo Kato to second
Pinch Hitting: LHB R.J. O'Brien 0-0: Swinging Strike
0-1: Ball
1-1: Called Strike
1-2: Fielders Choice at 2nd, 5-4 (Groundball, 5, EV 83.1 MPH)
Bottom of the 7th over - 3 runs, 5 hits, 0 errors, 2 left on base; New York 4 - Washington 6
TOP OF THE 8TH
New York Mets batting - Pitching for Washington Nationals : RHP Jakub Kvacek
Now in LF: R.J. O'Brien
Now in RF: Dillon Gonzalez
Batting: RHB Jesus Chavez 0-0: Called Strike
0-1: Ball
1-1: Ball
2-1: Foul Ball, location: 2F
2-2: Foul Ball, location: 2F
2-2: DOUBLE (Flyball, 8LXD, EV 115.0 MPH)
Pinch Runner at 2nd Javy Rosa:
Batting: SHB Roberto Magne 0-0: Called Strike
0-1: Swinging Strike
0-2: Ball
1-2: Strikes out looking
Batting: LHB Sal Fernandez 0-0: Ball
1-0: SINGLE (Groundball, 56D, EV 84.4 MPH) (infield hit)
Javy Rosa to third
Batting: SHB Scott Scott 0-0: Ball
1-0: Swinging Strike
1-1: Ball
2-1: Swinging Strike
2-2: Strikes out swinging
Batting: SHB Scott Bartholomew 0-0: Ball
1-0: Foul Ball, location: 2F
1-1: Swinging Strike
1-2: Ball
2-2: Ball
3-2: Base on Balls
Sal Fernandez to second
Batting: LHB Kevin Bellman 0-0: Called Strike
0-1: Foul Ball, location: 2F
0-2: Foul Ball, location: 2F
0-2: Fielders Choice at 2nd, 5-4 (Groundball, 6, EV 89.4 MPH)
Top of the 8th over - 0 runs, 2 hits, 0 errors, 3 left on base; New York 4 - Washington 6
BOTTOM OF THE 8TH
Washington Nationals batting - Pitching for New York Mets : RHP Jeff Jank
Pitching: RHP Victor Morin
Now at 1B: Sal Fernandez
Now in LF: Javy Rosa
Batting: RHB Masashi Yukizawa 0-0: Foul Ball, location: 2F
0-1: SINGLE (Groundball, 6D, EV 100.0 MPH)
Batting: RHB Luis Ramos 0-0: Ball
1-0: Sac Bunt to 13 - play at first, batter OUT! 1-4
Masashi Yukizawa to second
Batting: RHB John Sanders 0-0: Called Strike
0-1: Foul Ball, location: 2F
0-2: Foul Ball, location: 2F
0-2: Ball
1-2: Strikes out looking
Batting: RHB Luis Torres 0-0: Ball
1-0: Fly out, F7 (Flyball, 7LM, EV 83.8 MPH)
Bottom of the 8th over - 0 runs, 1 hit, 0 errors, 1 left on base; New York 4 - Washington 6
TOP OF THE 9TH
New York Mets batting - Pitching for Washington Nationals : RHP Jakub Kvacek
Pitching: LHP Chris Baran
Batting: SHB Gus Berry 0-0: Called Strike
0-1: Called Strike
0-2: Ground out 3-1 (Groundball, 34, EV 76.2 MPH)
Batting: SHB Sean Cook 0-0: Ball
1-0: Called Strike
1-1: Ball
2-1: Foul Ball, location: 2F
2-2: Strikes out looking
Batting: SHB Jonathan Jenkins 0-0: Called Strike
0-1: Swinging Strike
0-2: Strikes out swinging
Top of the 9th over - 0 runs, 0 hits, 0 errors, 0 left on base; New York 4 - Washington 6
Wednesday, June 22nd , 2022 - OOTP Baseball 23.4 Build 64